 Dungeon Crawl Stone Soup version 0.29-a0-1039-gfc20370e89 (webtiles) character file.

Game seed: 1234234993696607086

44 27heaven the Chopper (level 3, -5/46 HPs)
             Began as a Hill Orc Fighter on Aug 15, 2022.
             Slain by Sigmund
             ... wielding a +1 scythe of freezing
              (8 damage)
             ... on level 2 of the Dungeon.
             The game lasted 00:01:03 (1156 turns).

27heaven the Chopper (Hill Orc Fighter)             Turns: 1156, Time: 00:01:04

Health: -5/46      AC: 21    Str: 20    XL:     3   Next: 62%
Magic:  3/3        EV:  2    Int:  8    God:
Gold:   65         SH:  4    Dex: 10    Spells: 2/2 levels left

rFire   . . .      SeeInvis .   a - +0 war axe
rCold   . . .      Faith    .   c - +0 buckler
rNeg    . . .      Spirit   .   (body armour currently unavailable)
rPois   +          Reflect  .   (helmet currently unavailable)
rElec   .          Harm     .   (cloak currently unavailable)
rCorr   .          Rampage  .   (gloves currently unavailable)
Will    .....      NoTele   +   (boots currently unavailable)
Stlth   +.........              (no amulet)
HPRegen 0.15/turn               (no ring)
MPRegen 0.08/turn               (no ring)

@: tree-form, attractive
A: stationary, stasis, torment immunity, boosted hp
a: no special abilities


You were on level 2 of the Dungeon.
You were a tree.
You visited 1 branch of the dungeon, and saw 2 of its levels.

You collected 65 gold pieces.

Inventory:

Hand Weapons
 a - a +0 war axe (weapon)
Armour
 b - a +0 scale mail
 c - a +0 buckler (worn)
 h - a +0 chain mail (melded)
Scrolls
 g - a scroll of blinking
Potions
 d - a potion of might
 f - a potion of attraction


   Skills:
 - Level 3.6 Fighting
 + Level 5.2 Axes
 - Level 3.2 Armour
 - Level 3.2 Shields


You had 2 spell levels left.
You didn't know any spells.
Your spell library was empty.

Dungeon Overview and Level Annotations

Branches:
Dungeon (2/15)

Altars:

Annotations:
D:2 Sigmund


Message History

Sigmund freezes you.
You hit Sigmund.
Sigmund is heavily wounded.
Sigmund casts a spell at you.
The magic dart hits you but does no damage.
You closely miss Sigmund.
Sigmund is heavily wounded.
Sigmund drinks a potion.
Sigmund is healed!
You closely miss Sigmund. Sigmund completely misses you.
You closely miss Sigmund. Sigmund gestures at you while chanting.
The puff of flame hits you.
You barely miss Sigmund.
Sigmund hits you with a +1 scythe of freezing.
* * * LOW HITPOINT WARNING * * *
Sigmund freezes you.
* * * LOW HITPOINT WARNING * * *
You hit Sigmund but do no damage. Sigmund closely misses you.
It was a potion of attraction.
You feel attractive to monsters. You block Sigmund's attack.
It was a potion of lignification.
You turn into a tree.
Your +0 chain mail melds into your body.
Your roots penetrate the ground.
You barely miss Sigmund. Sigmund hits you but does no damage.
You barely miss Sigmund.
Sigmund hits you with a +1 scythe of freezing.
* * * LOW HITPOINT WARNING * * *
Sigmund freezes you.
* * * LOW HITPOINT WARNING * * *
You slash Sigmund!
Sigmund is heavily wounded.
You block Sigmund's attack.
You hit Sigmund.
Sigmund is heavily wounded.
Sigmund hits you but does no damage.
You slash Sigmund!
Sigmund is severely wounded.
Sigmund hits you with a +1 scythe of freezing!
You die...

#.# #.......#.. #.#
#.......# #.# #.#
#......... .# ..#
#########.. :. .##
## .# .# .# .######
.# .##...# ######@#
.##.#.# #....♣.#
......######.######
####.........#
###########


You could see Sigmund.

Vanquished Creatures
  2 adders (D:2)
  An endoplasm (D:1)
  A giant cockroach (D:1)
  4 goblins
  2 hobgoblins
  4 jackals (D:2)
  4 kobolds (D:1)
  2 ball pythons (D:1)
  A bat (D:2)
  2 frilled lizards (D:1)
23 creatures vanquished.

Notes
Turn   | Place    | Note
-------+----------+-------------------------------------------
     0 | D:1      | 27heaven the Hill Orc Fighter began the quest for the Orb.
     0 | D:1      | Reached XP level 1. HP: 19/19 MP: 1/1
    48 | D:1      | Reached skill level 3 in Axes
   261 | D:1      | Reached XP level 2. HP: 26/26 MP: 2/2
   465 | D:1      | Reached skill level 4 in Axes
   711 | D:2      | Reached XP level 3. HP: 26/31 MP: 3/3
   721 | D:2      | Reached skill level 5 in Axes
  1135 | D:2      | Noticed Sigmund
  1156 | D:2      | Slain by Sigmund

Illustrated notes

Levels and vault maps discovered:
D:1:      dpeg_arrival_houses_and_road, layout_basic
D:2:      layout_loops_cross, uniq_sigmund

Skill      XL: |  1  2  3 |
---------------+----------+-----
Axes           | 3 4 5 |  5.2
Fighting       | |  3.6
Armour         | |  3.2
Shields        | |  3.2

Action                   || total
-------------------------++-------
Melee: War axe           ||    81
  Use: Scroll            ||     2
       Potion            ||     2
Armor: Scale mail        ||    49
       Chain mail        ||     7
       Skin              ||     2
Dodge: Dodged            ||    38
Block: Buckler           ||    17

Table legend: (Time is in decaauts)
 A = Elapsed time spent in this place.
 B = Non-inter-level travel time spent in this place.
 C = Inter-level travel time spent in this place.
 D = Time resting spent in this place.
 E = Time spent auto-exploring this place.
 F = Levels seen in this place.
 G = Mean time per level.
                   A        B        C        D        E       F      G
               +--------+--------+--------+--------+--------+-----+--------+
         Total |   1180 |   1155 |     25 |      0 |    938 |   2 |  590.0 |
       Dungeon |   1180 |   1155 |     25 |      0 |    938 |   2 |  590.0 |
               +--------+--------+--------+--------+--------+-----+--------+

Top non-repeatable levels by time:
     D:1: 718 daAuts
     D:2: 462 daAuts
